 Dungeon Crawl Stone Soup version 0.31.0-11-ge490571c62 (webtiles) character file.

Game seed: 7424636800698963691

4380 qw the Nimble (level 10, -4/49 HPs)
             Began as a Spriggan Hunter on Feb 4, 2024.
             Was a Priest of Okawaru.
             Slain by a killer bee (6 damage)
             ... on level 8 of the Dungeon.
             The game lasted 00:00:38 (6701 turns).

qw the Nimble (Spriggan Hunter)                     Turns: 6701, Time: 00:00:38

Health: -4/49      AC:  7    Str: 13    XL:     10   Next: 13%
Magic:  14/14      EV: 33    Int: 13    God:    Okawaru [***...]
Gold:   328        SH:  0    Dex: 23    Spells: 9/9 levels left

rFire   . . .        a - +1 shortbow
rCold   . . .        (shield currently unavailable)
rNeg    . . .        c - +0 robe
rPois   .            k - +3 crown of Dyrovepreva {rElec Int+2 SInv}
rElec   +            j - +1 cloak
rCorr   .            (gloves unavailable)
SInv    +            (boots unavailable)
Will    +....        (no amulet)
Stlth   ++           d - +5 ring of evasion
HPRegen 0.28/turn    f - +6 ring of strength
MPRegen 0.14/turn

%: no passive effects
@: lethally poisoned (-4 -> -10), very quick
A: very small, no large weapons, unfitting armour, see invisible, speed 3
a: Renounce Religion, Heroism


You were on level 8 of the Dungeon.
You worshipped Okawaru.
Okawaru was most pleased with you.
You visited 2 branches of the dungeon, and saw 9 of its levels.

You collected 425 gold pieces.
You spent 97 gold pieces at shops.


Innate Abilities, Weirdness & Mutations

You are very small and have problems with some larger weapons.
You are too small for most types of armour.
You have supernaturally acute eyesight. (SInv)
You cover ground extremely quickly. (Speed+++)


   Skills:
 - Level 4.0 Fighting
 - Level 11.0 Ranged Weapons
 + Level 11.6 Dodging
 - Level 1.5 Stealth
 - Level 4.0 Invocations


You had 9 spell levels left.
You didn't know any spells.
Your spell library was empty.

Inventory:

Hand Weapons
 a - a +1 shortbow (weapon)
Armour
 c - a +0 robe (worn)
 j - a +1 cloak (worn)
 k - the +3 crown of Dyrovepreva (worn) {rElec Int+2 SInv}
   (You acquired it on level 6 of the Dungeon)

   Int+2:     It affects your intelligence (+2).
   rElec:     It insulates you from electricity.
   SInv:      It lets you see invisible.
 n - +0 acid dragon scales
Jewellery
 d - a +5 ring of evasion (left hand)
 e - an amulet of guardian spirit
 f - a +6 ring of strength (right hand)
 m - a ring of fire
Wands
 i - a wand of charming (4)
Potions
 b - a potion of haste
 g - a potion of enlightenment
 h - 5 potions of curing
 l - a potion of cancellation
 o - 2 potions of resistance

Dungeon Overview and Level Annotations

Branches:
Dungeon (8/15)             Temple (1/1) D:5
   Lair: D:8-11

Altars:
Ashenzari
Elyvilon
Gozag
Hepliaklqana
Kikubaaqudgha
Makhleb
Nemelex Xobeh
Okawaru
Qazlal
Ru
Trog
Uskayaw
Vehumet
Wu Jian
Xom
Yredelemnul
The Shining One

Shops:
D:3 *:[   D:7 *

Annotations:
D:5 1 runed translucent door, Crazy Yiuf
D:8 3 runed translucent doors, qw's ghost, novice DjHu


Message History

The killer bee stings you! The killer bee completely misses you.
A killer bee comes into view.
You shoot an arrow.
The arrow closely misses the killer bee.
The killer bee buzzes angrily.
You feel sick.
You hear an angry buzzing noise.
The killer bee stings you. The killer bee completely misses you.
The killer bee misses you. x2
The killer bee stings you but does no damage.
The killer bee closely misses you.
You shoot an arrow. The arrow misses the killer bee.
You feel sick. The killer bee completely misses you.
The killer bee barely misses you. The killer bee misses you.
You shoot an arrow. The arrow hits the killer bee.
The killer bee is severely wounded.
The killer bee misses you. x2; The killer bee stings you.
You are lethally poisoned!
The killer bee poisons you! The killer bee completely misses you.
The killer bee misses you. The killer bee completely misses you.
You shoot an arrow. The arrow misses the killer bee.
The arrow closely misses the killer bee.
You feel very sick. The killer bee misses you.
The killer bee completely misses you. The killer bee closely misses you.
The killer bee barely misses you.
The killer bee completely misses you. x2
You shoot an arrow.
The arrow closely misses the killer bee.
The arrow misses the killer bee.
You feel sick. The killer bee completely misses you. The killer bee misses you.
The killer bee barely misses you.
You shoot an arrow. The arrow hits the killer bee!
You kill the killer bee!
Okawaru accepts your kill.
You feel sick.
The killer bee completely misses you. x2
The killer bee misses you. The killer bee closely misses you.
The killer bee completely misses you.
You shoot an arrow. The arrow misses the killer bee.
You feel sick. The killer bee misses you. The killer bee stings you.
You die...

### ############ #####.!
#..........# #...#.#
#.#####.##.# #.#.#.# ..
#.########'####.#.#.# ...
#....##.......#.#...# ..###
####@##.}...}.#.##### ....
#..yyy#(......#.#
.#........<.+.!.}...'.#
#.#..#####...#.......#.#
######.#..........#.}...}.#.#
#
.......##...###...#.......#..
# ....)....¤..#
#...####+#######...
.)~~~¤~¤~¤~.# #........# ###
.)¤..¤.¤¤¤¤.# #.......## #


You could see 3 killer bees.

Vanquished Creatures
  A two-headed ogre (D:7)
  Pikel (D:4)
  A hornet (D:8)
  Grinder (D:4)
  3 yaks (D:8)
  An acid dragon (D:8)
  A water moccasin (D:6)
  3 black bears
  2 sky beasts
  An ice beast (D:6)
  An ogre (D:6)
  A centaur (D:8)
  2 lemures (D:4)
  A phantom (D:6)
  A kobold brigand (D:7)
  3 bullfrogs (D:8)
  3 scorpions
  3 wights (D:7)
  A killer bee (D:8)
  4 howler monkeys
  4 hounds
  A jelly (D:7)
  4 orc priests
  4 iguanas
  2 orc wizards
  A gnoll (D:8)
  10 adders
  2 white imps (D:7)
  2 ufetubi (D:6)
  5 dart slugs
  A ribbon worm (D:2)
  42 orcs
  A ball python (D:1)
  5 bats
  6 endoplasms
  7 goblins
  8 hobgoblins
  4 jackals (D:4)
  3 quokkas
  2 frilled lizards
  8 kobolds
  8 rats
165 creatures vanquished.

Notes
Turn   | Place    | Note
-------+----------+-------------------------------------------
     0 | D:1      | qw the Spriggan Hunter began the quest for the Orb.
     0 | D:1      | Reached XP level 1. HP: 10/10 MP: 2/2
     0 | D:1      | 0 ||| qw: Version: 0.3-a-160-g6735b56
     0 | D:1      | 0 ||| qw: Game counter: 4612
     0 | D:1      | 0 ||| qw: Melee chars always use a shield: true
     0 | D:1      | 0 ||| qw: God list: Okawaru
     0 | D:1      | 0 ||| qw: Allow faded altars: false
     0 | D:1      | 0 ||| qw: Do Orc after clearing Dungeon:15 true
     0 | D:1      | 0 ||| qw: Do second Lair branch before Depths: true
     0 | D:1      | 0 ||| qw: Lair rune preference: random
     0 | D:1      | 0 ||| qw: Goals: Normal
     0 | D:1      | 0 ||| PLANNING D:1-11
   100 | D:1      | Reached skill level 3 in Dodging
   209 | D:1      | Reached XP level 2. HP: 14/14 MP: 3/3
   818 | D:1      | 818 ||| UPGRADING to +0 cloak.
   823 | D:1      | 823 ||| READING scroll labelled FIFASO RITHAJ.
   828 | D:1      | 828 ||| READING scroll labelled SEAL JEBLOPTE.
   829 | D:1      | 829 ||| READING scroll labelled IGEFRE VEZULE.
   829 | D:1      | 829 ||| IDENTIFYING fizzy purple potion
   830 | D:1      | 830 ||| READING scroll labelled CIWKO HENI.
   831 | D:1      | 831 ||| READING scroll labelled JYECVU XAERIOKK.
   932 | D:1      | 932 ||| DROPPING scroll of butterflies.
   933 | D:1      | 933 ||| DROPPING potion of berserk rage.
  1045 | D:2      | Found a faded altar of an unknown god.
  1103 | D:2      | Reached XP level 3. HP: 18/18 MP: 4/4
  1397 | D:2      | Reached XP level 4. HP: 22/22 MP: 5/5
  1403 | D:2      | 1403 ||| UPGRADING to amulet of guardian spirit.
  1408 | D:2      | 1408 ||| UPGRADING to +5 ring of evasion.
  1409 | D:2      | 1409 ||| UPGRADING to +6 ring of strength.
  1410 | D:2      | 1410 ||| READING scroll of identify.
  1410 | D:2      | 1410 ||| IDENTIFYING viscous amethyst potion
  1411 | D:2      | 1411 ||| DRINKING 3 puce potions.
  1412 | D:2      | 1412 ||| DROPPING potion of attraction.
  1808 | D:2      | 1808 ||| READING scroll labelled XIF PIETAB.
  1809 | D:2      | 1809 ||| DRINKING 3 ruby potions.
  1855 | D:3      | Found Resah's Assorted Antiques.
  1863 | D:3      | 1863 ||| SHOPLISTING forked bronze wand (84 gold, have 60).
  1863 | D:3      | 1863 ||| SHOPLISTING potion of curing (63 gold, have 60).
  1863 | D:3      | 1863 ||| SHOPLISTING runed shortbow (126 gold, have 60).
  1863 | D:3      | 1863 ||| SHOPLISTING scorched sling (136 gold, have 60).
  1863 | D:3      | 1863 ||| SHOPLISTING twisted gold wand (84 gold, have 60).
  1886 | D:3      | Found Buicw's Armour Boutique.
  1893 | D:3      | 1893 ||| SHOPLISTING +2 cloak (181 gold, have 60).
  1911 | D:3      | Found Nomywate's Book Shoppe.
  2122 | D:3      | 2122 ||| FLEEEEING.
  2123 | D:3      | 2123 ||| FLEEEEING.
  2134 | D:3      | Reached XP level 5. HP: 13/26 MP: 2/6
  2370 | D:3      | 2370 ||| READING scroll of identify.
  2370 | D:3      | 2370 ||| IDENTIFYING metallic puce potion
  2371 | D:3      | 2371 ||| READING scroll labelled ROYTOH PAORI.
  2371 | D:3      | 2371 ||| ENCHANTING +0 cloak.
  2372 | D:3      | 2372 ||| READING scroll labelled BULOFISABA.
  2373 | D:3      | 2373 ||| READING scroll labelled HUISEA QAB JAPE.
  2474 | D:3      | 2474 ||| DRINKING 2 fuming dark potions.
  2475 | D:3      | 2475 ||| DROPPING potion of brilliance.
  2523 | D:4      | Noticed a lemure
  2524 | D:4      | Noticed a lemure
  2525 | D:4      | 2525 ||| RETREEEEATING.
  2530 | D:4      | Noticed a lemure
  2531 | D:4      | 2531 ||| RETREEEEATING.
  2536 | D:4      | 2536 ||| RETREEEEATING.
  2539 | D:4      | 2539 ||| RETREEEEATING.
  2540 | D:4      | 2540 ||| RETREEEEATING.
  2541 | D:4      | 2541 ||| RETREEEEATING.
  2549 | D:4      | Killed a lemure
  2566 | D:4      | Killed a lemure
  2580 | D:4      | Noticed Pikel
  2581 | D:4      | 2581 ||| FLEEEEING.
  2582 | D:4      | 2582 ||| FLEEEEING.
  2679 | D:4      | Reached skill level 6 in Ranged Weapons
  2679 | D:4      | Reached XP level 6. HP: 30/30 MP: 7/7
  2707 | D:4      | Noticed Grinder
  2709 | D:4      | 2709 ||| RETREEEEATING.
  2710 | D:4      | 2710 ||| RETREEEEATING.
  2716 | D:4      | 2716 ||| RETREEEEATING.
  2717 | D:4      | 2717 ||| FLEEEEING.
  2718 | D:4      | 2718 ||| FLEEEEING.
  2726 | D:4      | Paralysed by Grinder for 5 turns
  2728 | D:4      | HP: 7/30 [Grinder (2)]
  2731 | D:4      | 2731 ||| READING scroll of teleportation.
  2732 | D:4      | 2732 ||| DRINKING 2 potions of heal wounds.
  2783 | D:4      | 2783 ||| RETREEEEATING.
  2784 | D:4      | 2784 ||| RETREEEEATING.
  2785 | D:4      | 2785 ||| FLEEEEING.
  2786 | D:4      | 2786 ||| FLEEEEING.
  2787 | D:4      | 2787 ||| FLEEEEING.
  2788 | D:4      | 2788 ||| FLEEEEING.
  2789 | D:4      | 2789 ||| FLEEEEING.
  2790 | D:4      | 2790 ||| FLEEEEING.
  2792 | D:4      | 2792 ||| FLEEEEING.
  2793 | D:4      | 2793 ||| FLEEEEING.
  2794 | D:4      | 2794 ||| FLEEEEING.
  2795 | D:4      | 2795 ||| FLEEEEING.
  2796 | D:4      | 2796 ||| FLEEEEING.
  2799 | D:4      | 2799 ||| FLEEEEING.
  2800 | D:4      | 2800 ||| FLEEEEING.
  2801 | D:4      | 2801 ||| FLEEEEING.
  2802 | D:4      | 2802 ||| FLEEEEING.
  2803 | D:4      | 2803 ||| FLEEEEING.
  2804 | D:4      | 2804 ||| STAIRDANCE
  2829 | D:4      | 2829 ||| RETREEEEATING.
  2843 | D:4      | HP: 7/30 [Pikel/+2 whip of flaming (2)]
  2844 | D:4      | 2844 ||| DRINKING potion of heal wounds.
  2846 | D:4      | Killed Pikel
  2847 | D:4      | Reached skill level 9 in Dodging
  2847 | D:4      | Reached XP level 7. HP: 24/35 MP: 2/8
  2848 | D:4      | 2848 ||| FLEEEEING.
  2854 | D:4      | 2854 ||| STAIRDANCE
  2905 | D:4      | 2905 ||| STAIRDANCE
  2922 | D:4      | Killed Grinder
  2923 | D:4      | Reached XP level 8. HP: 39/39 MP: 9/9
  3226 | D:5      | Entered Level 5 of the Dungeon
  3548 | D:5      | Found a staircase to the Ecumenical Temple.
  3549 | D:5      | 3549 ||| PLANNING TEMPLE
  3549 | D:5      | 3549 ||| READING 2 scrolls of identify.
  3549 | D:5      | 3549 ||| IDENTIFYING fuming yellow potion
  3550 | D:5      | 3550 ||| READING scroll of identify.
  3550 | D:5      | 3550 ||| IDENTIFYING green potion
  3551 | D:5      | 3551 ||| READING scroll labelled EMMU UFOHUC.
  3552 | D:5      | 3552 ||| READING scroll labelled KUKANOEN YNOL.
  3553 | D:5      | 3553 ||| DROPPING potion of degeneration.
  3554 | D:5      | 3554 ||| DROPPING potion of lignification.
  3563 | Temple   | Entered the Ecumenical Temple
  3564 | Temple   | 3564 ||| PLANNING OKAWARU WORSHIP
  3573 | Temple   | Became a worshipper of Warmaster Okawaru
  3574 | Temple   | 3574 ||| PLANNING D:1-11
  3574 | Temple   | 3574 ||| REMOVING amulet of guardian spirit.
  3927 | D:5      | Found a runed translucent door.
  3928 | D:5      | Noticed Crazy Yiuf
  4197 | D:5      | 4197 ||| READING scroll labelled UTO JITENKOLOY.
  4197 | D:5      | 4197 ||| ENCHANTING +0 shortbow.
  4260 | D:6      | Reached skill level 3 in Fighting
  4285 | D:6      | Found a sparkling altar of Nemelex Xobeh.
  4343 | D:6      | Reached * piety under Okawaru
  4344 | D:6      | Reached skill level 9 in Ranged Weapons
  4413 | D:6      | Reached skill level 1 in Invocations
  4469 | D:6      | Reached XP level 9. HP: 44/44 MP: 9/11
  4569 | D:6      | Found a stormy altar of Qazlal.
  4569 | D:6      | Found a radiant altar of Vehumet.
  4804 | D:6      | 4804 ||| READING scroll of identify.
  4804 | D:6      | 4804 ||| IDENTIFYING lumpy emerald potion
  4805 | D:6      | 4805 ||| READING scroll labelled ASTIES TUZACU.
  4805 | D:6      | Identified a scroll of acquirement
  4805 | D:6      | 4805 ||| ACQUIRING +3 crown of Dyrovepreva {rElec Int+2
                  | SInv}
  4805 | D:6      | Acquired the +3 crown of Dyrovepreva {rElec Int+2 SInv}
  4805 | D:6      | Found the +3 crown of Dyrovepreva {rElec Int+2 SInv}
  4807 | D:6      | 4807 ||| UPGRADING to +3 crown of Dyrovepreva {rElec Int+2
                  | SInv}.
  4812 | D:6      | 4812 ||| DROPPING potion of ambrosia.
  4985 | D:7      | Reached skill level 3 in Invocations
  5151 | D:7      | 5151 ||| READING scroll of identify.
  5151 | D:7      | 5151 ||| IDENTIFYING metallic brown potion
  5181 | D:7      | Found an opulent altar of Gozag.
  5229 | D:7      | Found Kanaweso's Assorted Antiques.
  5239 | D:7      | Reached ** piety under Okawaru
  5248 | D:7      | 5248 ||| BUYING fizzy puce potion (22 gold).
  5248 | D:7      | Bought a fizzy puce potion for 22 gold pieces
  5248 | D:7      | 5248 ||| BUYING scroll labelled EXOSOD VORCHORI (25 gold).
  5248 | D:7      | Bought a scroll labelled EXOSOD VORCHORI for 25 gold pieces
  5248 | D:7      | 5248 ||| BUYING scroll of identify (50 gold).
  5248 | D:7      | Bought a scroll of identify for 50 gold pieces
  5271 | D:7      | 5271 ||| READING scroll of identify.
  5271 | D:7      | 5271 ||| IDENTIFYING fizzy puce potion
  5272 | D:7      | 5272 ||| READING scroll labelled EXOSOD VORCHORI.
  5448 | D:7      | Noticed a two-headed ogre
  5449 | D:7      | 5449 ||| READING scroll of identify.
  5449 | D:7      | 5449 ||| IDENTIFYING yellow potion
  5458 | D:7      | 5458 ||| INVOKING Heroism.
  5460 | D:7      | HP: 5/44 [two-headed ogre/+0 giant spiked club (20)]
  5466 | D:7      | HP: 1/44 [two-headed ogre/+0 giant spiked club (6)]
  5470 | D:7      | Killed a two-headed ogre
  6095 | D:8      | Found a hazy altar of Hepliaklqana.
  6202 | D:8      | Found a runed translucent gate.
  6202 | D:8      | Found a runed translucent gate.
  6202 | D:8      | Found a runed translucent gate.
  6202 | D:8      | Noticed qw's ghost (novice DjHu)
  6202 | D:8      | Noticed a spectral unseen horror
  6301 | D:8      | 6301 ||| FLEEEEING.
  6302 | D:8      | 6302 ||| FLEEEEING.
  6303 | D:8      | 6303 ||| FLEEEEING.
  6307 | D:8      | 6307 ||| FLEEEEING.
  6308 | D:8      | 6308 ||| FLEEEEING.
  6309 | D:8      | 6309 ||| FLEEEEING.
  6319 | D:8      | Reached *** piety under Okawaru
  6320 | D:8      | Reached XP level 10. HP: 16/49 MP: 14/14
  6332 | D:8      | HP: 6/49 [yak (10)]
  6513 | D:8      | Found an ornate altar of the Wu Jian Council.
  6589 | D:8      | 6589 ||| INVOKING Heroism.
  6592 | D:8      | Paralysed by a hornet for 1 turns
  6697 | D:8      | HP: 9/49 [killer bee (5)]
  6699 | D:8      | HP: 4/49 [poisoned by a killer bee]
  6701 | D:8      | Slain by a killer bee

Levels and vault maps discovered:
D:1:      lemuel_arrival_funnel, layout_basic
D:2:      cheibrodos_pilgrimage, layout_loops_cross,
          ebering_ecumenical_altar_petrified
D:3:      layout_basic, serial_shops, shop, shop, nicolae_shop_stone,
          kennysheep_generic_room_14
D:4:      layout_basic, minivault_24, uniq_pikel, uniq_grinder
D:5:      layout_basic, minmay_temple_entry_junction_2, minivault_14,
          kennysheep_nondescript, uniq_crazy_yiuf_cottage
D:6:      layout_rooms, nicolae_overflow_hidden_temple,
          nicolae_overflow_two_pavilions, kennysheep_generic_room_11
D:7:      layout_layer_cave, mainiacjoe_overflow_alcove_1, serial_shops,
          nicolae_shop_stone, minmay_puff
D:8:      layout_basic, kennysheep_little_box, mainiacjoe_overflow_brackets,
          gammafunk_ghost_necromancy, grunt_ministairs_4,
          ebering_dispersal_statue_hall, minmay_fountain_box
Temple:   chequers_temple_sunken

Skill      XL: |  1  2  3  4  5  6  7  8  9 10 |
---------------+-------------------------------+-----
Dodging        | 3 4 5 9 10 11 | 11.6
Ranged Weapons | 5 6 7 9 11 | 11.0
Fighting       | 2 3 4 |  4.0
Invocations    | 2 4 |  4.0
Stealth        | |  1.5

Action                     |  1- 3 |  4- 6 |  7- 9 | 10-12 || total
---------------------------+-------+-------+-------+-------++-------
   Fire: Shortbow          |   126 |   227 |   390 |    49 ||   792
 Invoke: Heroism           |       |       |     1 |     1 ||     2
    Use: Scroll            |     5 |     7 |    11 |       ||    23
         Potion            |       |     5 |       |       ||     5
 Armour: Robe              |    16 |    27 |    28 |    15 ||    86
  Dodge: Dodged            |    38 |   132 |   189 |    67 ||   426

Table legend:
 A = Non-vault XP
 B = Vault XP
 C = Vault XP percentage of total XP
 D = Non-vault monster count
 E = Vault monster count
 F = Vault count percentage of total count
                 A         B        C        D         E       F
            +---------+---------+-------+---------+---------+-------
      Total |    3562 |    2696 |  43.1 |     149 |      14 |   8.6
            +---------+---------+-------+---------+---------+-------
        D:1 |      31 |       0 |   0.0 |      15 |       0 |   0.0
        D:2 |     101 |       6 |   5.6 |      30 |       2 |   6.2
        D:3 |     118 |       3 |   2.5 |      19 |       1 |   5.0
        D:4 |     302 |     985 |  76.5 |      22 |       2 |   8.3
        D:5 |     375 |       0 |   0.0 |      11 |       0 |   0.0
        D:6 |    1123 |       3 |   0.3 |      17 |       1 |   5.6
        D:7 |     610 |     968 |  61.3 |      22 |       3 |  12.0
        D:8 |     902 |     731 |  44.8 |      13 |       5 |  27.8
            +---------+---------+-------+---------+---------+-------
